 Dungeon Crawl Stone Soup version 0.25-a0-667-gb977e01cb5 (webtiles) character file.

Game seed: 5748473954363120392, levelgen mode: deterministic

30 tilp the Charmwright (level 3, -13/26 HPs)
             Began as a Halfling Skald on Mar 27, 2020.
             Engulfed by a cloud of flame (15 damage)
             ... on level 1 of the Dungeon.
             The game lasted 00:02:13 (1219 turns).

tilp the Charmwright (Halfling Skald)               Turns: 1219, Time: 00:02:13

Health: -13/26     AC:  5    Str: 12    XL:     3   Next: 35%
Magic:  5/5        EV: 14    Int: 11    God:
Gold:   63         SH:  0    Dex: 14    Spells: 4/5 levels left

rFire    . . .     SeeInvis .   a - +3 short sword
rCold    . . .     Gourm    .   (shield restricted)
rNeg     . . .     Faith    .   b - +0 leather armour
rPois    .         Spirit   .   (no helmet)
rElec    .         Reflect  .   l - +1 cloak {MR+}
rCorr    .         Harm     .   (no gloves)
MR       +....                  (no boots)
Stlth    +.........             (no amulet)
HPRegen  0.08/turn              (no ring)
MPRegen  0.09/turn              (no ring)

@: no status effects
A: small, mutation resistance 1
a: no special abilities


You were on level 1 of the Dungeon.
You were not hungry.

You visited 1 branch of the dungeon, and saw 1 of its levels.

You collected 63 gold pieces.

Inventory:

Hand Weapons
 a - a +3 short sword (weapon)
Missiles
 f - 3 stones (quivered)
 o - 26 sling bullets
Armour
 b - a +0 leather armour (worn)
 l - a +1 cloak of magic resistance (worn)
Jewellery
 h - an uncursed ring of protection from cold
 i - an uncursed ring of poison resistance
Scrolls
 e - a scroll of enchant weapon {unknown}
 g - a scroll of remove curse {unknown}
 k - a scroll of identify {unknown}
 m - a scroll of amnesia {unknown}
Potions
 c - a potion of resistance {unknown}
 j - 2 potions of degeneration {unknown}
 n - a potion of curing {unknown}
Comestibles
 d - a ration


   Skills:
 * Level 3.2 Fighting
 - Level 2.4 Short Blades
 - Level 1.1 Armour
 - Level 2.1 Dodging
 - Level 1.5 Spellcasting
 - Level 3.2 Charms


You had 4 spell levels left.
You knew the following spells:

 Your Spells              Type           Power        Failure   Level  Hunger
a - Infusion              Chrm           #...         10%         1    ##.....

Your spell library contained the following spells:

 Spells                   Type           Power        Failure   Level  Hunger
 Song of Slaying          Chrm           #.......     16%         2    ###....
 Shroud of Golubria       Chrm/Tloc      #.....       30%         2    ###....
 Ozocubu's Armour         Chrm/Ice       #.......     52%         3    ####...
 Spectral Weapon          Hex/Chrm       #.......     52%         3    ####...


Dungeon Overview and Level Annotations

Branches:
Dungeon (1/15)

Altars:


Innate Abilities, Weirdness & Mutations

You are small and have problems with some larger weapons.
You are somewhat resistant to further mutation.


Message History

Really walk into a travel-excluded area? [Y]es or [N]o only, please.
Really walk into a travel-excluded area?
Found 4 gold pieces.
f - 3 stones (gained 1) Unknown command.
There are no items here.
Unknown command.
You now have 63 gold pieces (gained 16).
Unknown command.
There are no items here.
Unknown command.
Unknown command.
You are engulfed in blazing flames.
Ouch! That really hurt!
* * * LOW HITPOINT WARNING * * *
Unknown command.
You are engulfed in blazing flames.
Ouch! That really hurt!
You die...

# ####### ○# #......
☼☼# #######
######...###########
##.°§☼..)$.§☼§.......
#..☼@○...[.○.☼.######
#..§○§..=..°.
#.#####...## #####
#.# #○○☼# #...### #.#
#§☼°# #...... #.#
#.○☼# ###.###
#.#####...#######.# #
#.#.#....##..#.##.# #
#...#.#...#..#.##.# #


There were no monsters in sight!

Vanquished Creatures
  A dart slug (D:1)
  2 bats (D:1)
  2 giant cockroaches (D:1)
  4 goblins (D:1)
  3 hobgoblins (D:1)
  5 jackals (D:1)
  4 kobolds (D:1)
  A rat (D:1)
22 creatures vanquished.

Vanquished Creatures (others)
  A jackal (D:1)
  A rat (D:1)
2 creatures vanquished.

Grand Total: 24 creatures vanquished

Notes
Turn   | Place    | Note
-------+----------+-------------------------------------------
     0 | D:1      | tilp the Halfling Skald began the quest for the Orb.
     0 | D:1      | Reached XP level 1. HP: 14/14 MP: 3/3
   167 | D:1      | Reached XP level 2. HP: 5/20 MP: 1/4
   638 | D:1      | Reached XP level 3. HP: 21/25 MP: 1/5
  1219 | D:1      | Engulfed by a cloud of flame

Levels and vault maps discovered:
D:1:      shiori_arrival_maze, layout_loops_ring, minivault_23,
          lemuel_flame_loot_1

Skill      XL: |  1  2  3 |
---------------+----------+-----
Fighting       | 2 3 |  3.2
Short Blades   | |  2.4
Armour         | |  1.1
Dodging        | |  2.1
Spellcasting   | |  1.5
Charms         | |  3.2

Action                   || total
-------------------------++-------
Melee: Short sword       ||    62
Throw: Stone             ||     1
 Cast: Infusion          ||     8
  Eat: Chunk             ||     1
Armor: Leather armour    ||    21
Dodge: Dodged            ||    53

Table legend:
 A = Non-vault XP
 B = Vault XP
 C = Vault XP percentage of total XP
 D = Non-vault monster count
 E = Vault monster count
 F = Vault count percentage of total count
                 A         B        C        D         E       F
            +---------+---------+-------+---------+---------+-------
      Total |      39 |       4 |   9.3 |      20 |       2 |   9.1
            +---------+---------+-------+---------+---------+-------
        D:1 |      39 |       4 |   9.3 |      20 |       2 |   9.1
            +---------+---------+-------+---------+---------+-------
